 Dungeon Crawl Stone Soup version 0.27-a0-660-g90476cec82 (webtiles) character file.

Game seed: 18029406886307384509

65 kiwi3s the Chopper (level 3, -1/46 HPs)
             Began as a Minotaur Berserker on Mar 17, 2021.
             Was a Follower of Trog.
             Slain by a gnoll
             ... wielding a +0 halberd
              (9 damage)
             ... on level 2 of the Dungeon.
             The game lasted 00:01:03 (1769 turns).

kiwi3s the Chopper (Minotaur Berserker)             Turns: 1769, Time: 00:01:04

Health: -1/46      AC:  2    Str: 22    XL:     3   Next: 94%
Magic:  2/2        EV: 12    Int:  4    God:    Trog [*.....]
Gold:   116        SH:  0    Dex:  9    Spells: 2/2 levels left

rFire    . . .     SeeInvis .   a - +0 hand axe
rCold    . . .     Faith    .   (no shield)
rNeg     . . .     Spirit   .   b - +0 animal skin
rPois    .         Reflect  .   (helmet restricted)
rElec    .         Harm     .   (no cloak)
rCorr    .         Rampage  .   (no gloves)
Will     .....                  (no boots)
Stlth    ..........             (no amulet)
HPRegen  0.15/turn              (no ring)
MPRegen  0.08/turn              (no ring)

@: berserking, very quick
A: horns 2, retaliatory headbutt
a: Renounce Religion, Berserk


You were on level 2 of the Dungeon.
You worshipped Trog.
Trog was aware of your devotion.
You visited 1 branch of the dungeon, and saw 2 of its levels.

You collected 116 gold pieces.

Inventory:

Hand Weapons
 a - a +0 hand axe (weapon)
Armour
 b - a +0 animal skin (worn)
Jewellery
 c - a ring of fire
Wands
 k - a wand of flame (19)
Scrolls
 d - a scroll of immolation {unknown}
 e - 2 scrolls of magic mapping {unknown}
 f - 3 scrolls of teleportation {unknown}
 h - 2 scrolls of identify {unknown}
 j - 2 scrolls of noise {unknown}
Potions
 g - a potion of brilliance {unknown}
 i - 2 potions of curing {unknown}
 l - a potion of magic {unknown}


   Skills:
 - Level 3.6 Fighting
 + Level 5.9 Axes
 - Level 2.4 Armour
 - Level 2.1 Dodging


You had 2 spell levels left.
You didn't know any spells.
Your spell library was empty.

Dungeon Overview and Level Annotations

Branches:
Dungeon (2/15)

Altars:
Kikubaaqudgha


Innate Abilities, Weirdness & Mutations

You have a pair of horns on your head.
You reflexively headbutt those who attack you in melee.


Message History

A gnoll comes into view. It is wielding a +0 spear.
A gnoll comes into view. It is wielding a +0 flail.
There are monsters nearby!
The gnoll shouts!
You hear a shout!
A gnoll comes into view. It is wielding a +0 halberd.
The gnoll shouts!
The gnoll hits you.
You hit the gnoll but do no damage. The gnoll hits you.
You closely miss the gnoll. The gnoll barely misses you.
Unknown command.
You barely miss the gnoll.
Unknown command.
A red film seems to cover your vision as you go berserk!
You feel yourself moving faster!
You feel mighty!
You slash the gnoll!
The gnoll is almost dead.
You hit the gnoll. The gnoll misses you. The gnoll barely misses you.
The gnoll hits you from afar with a +0 spear.
Unknown command.
You slash the gnoll!
You feel the power of Trog in you as your rage grows.
You kill the gnoll!
Trog accepts your kill.
You barely miss the gnoll.
Unknown command.
You slash the gnoll!
You kill the gnoll!
Trog accepts your kill.
The gnoll hits you from afar with a +0 spear!
Unknown command.
You are too injured to fight recklessly!
Unknown command.
You are too injured to fight recklessly!
Unknown command.
The gnoll misses you.
The gnoll hits you from afar with a +0 halberd!
* * * LOW HITPOINT WARNING * * *
You barely miss the gnoll. The gnoll closely misses you.
The gnoll hits you from afar with a +0 halberd!
You die...

#.# #.....
.######.###...##
#.##..#........#.
#.##≈.....^....#.
#.#.≈≈#........#.
#.#≈.≈≈........#.
##g#≈.#≈........#.
#g≈≈≈.#≈≈.......#.
#@....##≈.......#.
#)...≈#.≈#.###..##
#...≈≈#.##.###...(
#..≈≈.......[.....
#..≈......≈.......
#......##≈≈≈......
#......##...).....
######.##.......>.
##.##...).<...


You could see 2 gnolls.

Vanquished Creatures
  2 gnolls (D:2)
  An adder (D:2)
  A worm (D:2)
  A dart slug (D:2)
  2 giant cockroaches (D:1)
  2 hobgoblins (D:1)
  2 quokkas (D:2)
  5 bats
  A frilled lizard (D:1)
  8 goblins
  3 kobolds (D:2)
  5 rats
33 creatures vanquished.

Vanquished Creatures (others)
  2 withered plants (D:2)
2 creatures vanquished.

Grand Total: 35 creatures vanquished

Notes
Turn   | Place    | Note
-------+----------+-------------------------------------------
     0 | D:1      | kiwi3s the Minotaur Berserker began the quest for the Orb.
     0 | D:1      | Reached XP level 1. HP: 19/19 MP: 0/0
   240 | D:1      | Reached skill level 4 in Axes
   411 | D:1      | Reached XP level 2. HP: 18/26 MP: 1/1
   996 | D:2      | Reached skill level 5 in Axes
  1344 | D:2      | Found an ancient bone altar of Kikubaaqudgha.
  1352 | D:2      | Reached XP level 3. HP: 31/31 MP: 2/2
  1769 | D:2      | Slain by a gnoll

Illustrated notes

Levels and vault maps discovered:
D:1:      dpeg_arrival_tiny_i, layout_loops_corners
D:2:      layout_rooms, kiku_gazebo_garden_becter, serial_rivers,
          chequers_serial_rivers_micro_a, chequers_serial_rivers_micro_a,
          chequers_serial_rivers_small_b, chequers_serial_rivers_marsh

Skill      XL: |  1  2 |
---------------+-------+-----
Axes           | 4 5 |  5.9
Fighting       | |  3.6
Armour         | |  2.4
Dodging        | |  2.1

Action                   || total
-------------------------++-------
Melee: Hand axe          ||    59
       Headbutt          ||     8
Invok: Berserk           ||     2
Armor: Animal skin       ||    10
Dodge: Dodged            ||    38

Table legend: (Time is in decaauts)
 A = Elapsed time spent in this place.
 B = Non-inter-level travel time spent in this place.
 C = Inter-level travel time spent in this place.
 D = Time resting spent in this place.
 E = Time spent auto-exploring this place.
 F = Levels seen in this place.
 G = Mean time per level.
                   A        B        C        D        E       F      G
               +--------+--------+--------+--------+--------+-----+--------+
         Total |   1781 |   1738 |     43 |    289 |   1284 |   2 |  890.5 |
       Dungeon |   1781 |   1738 |     43 |    289 |   1284 |   2 |  890.5 |
               +--------+--------+--------+--------+--------+-----+--------+

Top non-repeatable levels by time:
     D:1: 979 daAuts
     D:2: 801 daAuts
